 Dungeon Crawl Stone Soup version 0.29-a0-780-g652cadfb38 (webtiles) character file.

Game seed: 18362216467626967555

73 Garessta the Scratcher (level 4, -6/20 HPs)
             Began as a Felid Transmuter on July 2, 2022.
             Killed from afar by an orc wizard (11 damage)
             ... with a puff of flame
             ... on level 3 of the Dungeon.
             The game lasted 00:09:41 (2597 turns).

Garessta the Scratcher (Felid Transmuter)           Turns: 2597, Time: 00:09:41

Health: -6/20      AC:  1    Str:  6    XL:     4   Next: 8%
Magic:  4/8        EV: 17    Int: 14    God:
Gold:   104        SH:  0    Dex: 18    Spells: 1/7 levels left
                                        Lives:  0   Deaths: 1

rFire   . . .      SeeInvis +     - Unarmed
rCold   . . .      Faith    .   (shield unavailable)
rNeg    . . .      Spirit   .   (body armour unavailable)
rPois   .          Reflect  .   (helmet unavailable)
rElec   .          Harm     .   (cloak unavailable)
rCorr   .          Rampage  .   (gloves unavailable)
Will    .....                   (boots unavailable)
Stlth   ++........              (no amulet)
HPRegen 0.06/turn               d - ring of wizardry
MPRegen 0.11/turn               (no ring)

@: appendages, very slightly contaminated, quick
A: horns 2, very small, claws 1, fangs 3, see invisible, speed 1, shaggy fur 1,
stealthy paws, no weapons or thrown items, no armour, multi-lived
a: End Transformation


You were on level 3 of the Dungeon.
You had temporarily grown beastly horns.
You visited 1 branch of the dungeon, and saw 3 of its levels.

You collected 104 gold pieces.

Inventory:

Jewellery
 d - a ring of wizardry (left paw)
Scrolls
 b - a scroll of noise {unknown}
 g - a scroll of identify {unknown}
 h - a scroll of enchant armour {unknown}
 i - a scroll of enchant weapon {unknown}
 j - a scroll of amnesia {unknown}
Potions
 a - a potion of lignification
 c - 2 potions of attraction {unknown}
 e - a potion of curing {unknown}
 f - 2 potions of might {unknown}


   Skills:
 + Level 2.5 Fighting
 - Level 2.6 Dodging
 + Level 4.0 Unarmed Combat
 - Level 2.0 Spellcasting
 + Level 3.5 Transmutations
 + Level 1.0 Poison Magic


You had one spell level left.
You knew the following spells:

 Your Spells              Type           Power      Damage    Failure   Level
a - Beastly Appendage     Tmut           22%        N/A       2%          1
b - Wereblood             Tmut           11%        N/A       3%          2
s - Spider Form           Tmut/Pois      7%         N/A       12%         3

Your spell library contained the following spells:

 Spells                   Type           Power      Damage    Failure   Level
 Passwall                 Tmut/Erth      5%         N/A       7%          2
 Ensorcelled Hibernation  Hex/Ice        2%         N/A       14%         2
 Ignite Poison            Fire/Tmut/Pois 5%         N/A       16%         3
 Conjure Flame            Conj/Fire      1%         6-21      26%         3
 Swiftness                Air            1%         N/A       26%         3
 Ice Form                 Ice/Tmut       6%         N/A       41%         4
 Sticky Flame             Conj/Fire      1%         2d3       65%         4


Dungeon Overview and Level Annotations

Branches:
Dungeon (3/15)

Altars:


Innate Abilities, Weirdness & Mutations

You have temporarily grown beastly horns.
You have sharp claws.
You have razor-sharp teeth.
You have supernaturally acute eyesight. (SInv)
You cover ground quickly. (Speed+)
You are covered in fur. (AC +1)
Your paws help you pounce on unaware monsters.
You are incapable of wielding weapons or throwing items.
You cannot wear armour.
You gain extra lives every three experience levels.


Message History

2 orcs come into view.
An orc is wielding a +0 mace of pain.
You howl as the wereblood boils in your veins!
The orc shouts!
You hear a shout! x2
You barely miss the orc wizard. Your headbutt misses the orc wizard.
The orc wizard barely misses you.
An orc comes into view. It is wielding a +0 dagger.
You scratch the orc wizard.
The orc wizard is lightly wounded.
You howl as the wereblood boils in your veins!
The orc wizard hits you with a +0 dagger.
You closely miss the orc wizard. You headbutt the orc wizard.
The orc wizard is moderately wounded.
You howl as the wereblood boils in your veins!
Your horns disappear.
The orc wizard hits you with a +0 dagger.
The orc wizard points at you and mumbles some strange words.
The puff of flame hits you!
Ouch! That really hurt!
* * * LOW HITPOINT WARNING * * *
You howl as the wereblood boils in your veins!
Your primal bloodlust is almost over.
There is an open door here.
Casting: Wereblood (safe; 3% risk of failure)
Confirm with . or Enter, or press ? or * to list all spells.
You grow a pair of large bovine horns.
The orc wizard gestures wildly while chanting.
The orc wizard flickers and vanishes for a moment.
Casting: Beastly Appendage (safe; 2% risk of failure)
Confirm with . or Enter, or press ? or * to list all spells.
You miscast Wereblood.
You are very lightly contaminated with residual magic.
Nothing appears to happen.
There is an open door here.
Your primal bloodlust has ended.
You scratch the orc wizard but do no damage.
The orc wizard is moderately wounded.
The orc wizard points at you and mumbles some strange words.
The puff of flame hits you!
Ouch! That really hurt!
You die...

#... ....... #........#....
#..... .###... #.##.##..#..#
#.##...?....# ##...........#.
################oo.###.#......
...............'@o.......#..#
#########'######.o......###...
#...>..# #...†.....#..#.
#......# #...#........#
#......# #.).#...###..#
#......# #...'..........
#[.....# #.))#...### .##
#......#####'##.#.# #
####.........#....#


You could see an orc wizard (invisible) and 3 orcs.

Vanquished Creatures
  An orc priest (D:3)
  3 gnolls (D:2)
  An adder (D:2)
  A worm (D:2)
  3 dart slugs
  3 bats
  3 endoplasms (D:1)
  6 hobgoblins
  3 quokkas (D:2)
  5 ball pythons
  A frilled lizard (D:2)
  12 goblins
  4 kobolds
  8 rats
54 creatures vanquished.

Vanquished Creatures (others)
  5 plants (D:2)
5 creatures vanquished.

Grand Total: 59 creatures vanquished

Notes
Turn   | Place    | Note
-------+----------+-------------------------------------------
     0 | D:1      | Garessta the Felid Transmuter began the quest for the Orb.
     0 | D:1      | Reached XP level 1. HP: 9/9 MP: 4/4
   545 | D:1      | Reached XP level 2. HP: 12/12 MP: 4/6
   548 | D:1      | Learned a level 2 spell: Wereblood
  1195 | D:2      | Reached XP level 3. HP: 16/16 MP: 4/7
  1445 | D:2      | Reached XP level 4. HP: 19/19 MP: 5/8
  1449 | D:2      | Learned a level 3 spell: Spider Form
  1619 | D:2      | Found a faded altar of an unknown god.
  2561 | D:3      | Slain by an orc priest
  2562 | D:3      | Reached XP level 3. HP: -1/16 MP: 6/7
  2573 | D:3      | Reached skill level 4 in Unarmed Combat
  2573 | D:3      | Reached skill level 1 in Poison Magic
  2573 | D:3      | Reached XP level 4. HP: 20/20 MP: 5/8
  2597 | D:3      | Killed from afar by an orc wizard

Illustrated notes

Levels and vault maps discovered:
D:1:      dpeg_arrival_tiny_c, layout_basic
D:2:      layout_loops_ring, shapermc_ecumenical_altar_venn, serial_bayou_pond_b
D:3:      layout_basic, minmay_strange_pillars

Skill      XL: |  1  2  3 |
---------------+----------+-----
Transmutations | 3 |  3.5
Fighting       | 2 |  2.5
Unarmed Combat | 4 |  4.0
Poison Magic   | 1 |  1.0
Dodging        | |  2.6
Spellcasting   | |  2.0

Action                   |  1- 3 |  4- 6 || total
-------------------------+-------+-------++-------
Melee: Unarmed           |    71 |    49 ||   120
       Headbutt          |    13 |    10 ||    23
       Punch             |     2 |       ||     2
       Bite              |     6 |     5 ||    11
 Cast: Beastly Appendage |    18 |    15 ||    33
       Wereblood         |     4 |     3 ||     7
 Stab: Sleeping          |     2 |     1 ||     3
Armor: Skin              |     3 |     1 ||     4
Dodge: Dodged            |    42 |    24 ||    66

Table legend: (Time is in decaauts)
 A = Elapsed time spent in this place.
 B = Non-inter-level travel time spent in this place.
 C = Inter-level travel time spent in this place.
 D = Time resting spent in this place.
 E = Time spent auto-exploring this place.
 F = Levels seen in this place.
 G = Mean time per level.
                   A        B        C        D        E       F      G
               +--------+--------+--------+--------+--------+-----+--------+
         Total |   2280 |   2223 |     57 |    374 |   1470 |   3 |  760.0 |
       Dungeon |   2280 |   2223 |     57 |    374 |   1470 |   3 |  760.0 |
               +--------+--------+--------+--------+--------+-----+--------+

Top non-repeatable levels by time:
     D:1: 1180 daAuts
     D:2: 733 daAuts
     D:3: 367 daAuts
